 Dungeon Crawl Stone Soup version 0.28.0-45-g0d030f2227 (webtiles) character file.

Game seed: 12349312144605025031

193 spaghetti the Skirmisher (level 5, -2/57 HPs)
             Began as an Ogre Delver on Apr 18, 2022.
             Was a Follower of Uskayaw.
             Slain by a hobgoblin (3 damage)
             ... led by Robin
             ... on level 2 of the Dungeon.
             The game lasted 00:03:02 (2403 turns).

spaghetti the Skirmisher (Ogre Delver)              Turns: 2403, Time: 00:03:03

Health: -2/57      AC:  3    Str: 18    XL:     5   Next: 72%
Magic:  0/5        EV: 10    Int: 11    God:    Uskayaw [*.....]
Gold:   44         SH:  0    Dex: 10    Spells: 4/4 levels left

rFire   . . .      SeeInvis .   a - +0 mace
rCold   . . .      Faith    .   (no shield)
rNeg    . . .      Spirit   .   b - +0 robe
rPois   .          Reflect  .   (helmet restricted)
rElec   .          Harm     .   (no cloak)
rCorr   .          Rampage  .   (gloves unavailable)
Will    .....                   (boots unavailable)
Stlth   ++........              (no amulet)
HPRegen 0.19/turn               (no ring)
MPRegen 0.09/turn               (no ring)

@: no status effects
A: large, unfitting armour, tough skin 1
a: Renounce Religion, Stomp


You were on level 2 of the Dungeon.
You worshipped Uskayaw.
Uskayaw was noncommittal.
You visited 2 branches of the dungeon, and saw 5 of its levels.

You collected 44 gold pieces.

Inventory:

Hand Weapons
 a - a +0 mace (weapon)
Armour
 b - a +0 robe (worn)
Wands
 g - a wand of digging (3)
 h - a wand of flame (8)
Scrolls
 c - a scroll of fog
 d - a scroll of magic mapping
 e - a scroll of summoning {unknown}
 f - a scroll of torment


   Skills:
 * Level 5.3 Fighting
 * Level 2.9 Maces & Flails
 * Level 3.0 Dodging
 + Level 4.3 Stealth
 * Level 1.0 Invocations


You had 4 spell levels left.
You didn't know any spells.
Your spell library was empty.

Dungeon Overview and Level Annotations

Branches:
Dungeon (5/15)             Temple (1/1) D:4

Altars:
Ashenzari
Cheibriados
Dithmenos
Elyvilon
Fedhas
Gozag
Hepliaklqana
Makhleb
Nemelex Xobeh
Okawaru
Ru
Trog
Uskayaw
Vehumet
Wu Jian
Xom
Yredelemnul
Zin

Annotations:
D:2 Robin
D:5 Grinder


Innate Abilities, Weirdness & Mutations

You are too large for most types of armour.
You have tough skin. (AC +1)


Message History

* * * LOW HITPOINT WARNING * * *
Unknown command.
Unknown command.
You sock the goblin!
You kill the goblin!
The goblin hits you with a +0 club.
* * * LOW HITPOINT WARNING * * *
Robin roars a battlecry!
You can now pass through a line of other dancers.
Your Invocations skill increases to level 1!
Okay, then.
You hit the goblin.
You kill the goblin!
You hit the hobgoblin.
The hobgoblin is moderately wounded.
The hobgoblin hits you.
* * * LOW HITPOINT WARNING * * *
The hobgoblin hits you.
* * * LOW HITPOINT WARNING * * *
Unknown command.
Okay, then.
You aren't carrying any potions.
Unknown command.
Okay, then.
Okay, then.
You hit the hobgoblin.
You kill the hobgoblin!
You hit the hobgoblin but do no damage. You closely miss the hobgoblin.
The hobgoblin closely misses you. Robin closely misses you.
You aren't carrying any potions.
Unknown command.
Okay, then.
Okay, then.
You stomp with the beat, sending a shockwave through the revellers around you!
The hobgoblin is almost dead.
Robin is moderately wounded.
You can no longer pass through a line of other dancers.
The hobgoblin hits you.
You die...

. ## ..##.
......
......#
.......###
......ggg###
.### #
<......#@).##
..# .
.......###..#
#.##. .......
##.## #...
...?..#
#..###..#
...[.#
##..##.†##
..##.
##.##...# #.
#. #.##.#.###
#....#>..#
##..####..#


You could see Robin and 2 hobgoblins.

Vanquished Creatures
  A scorpion (D:5)
  A water moccasin skeleton (D:4)
  A hound (D:4)
  An orc wizard (D:3)
  A worm (D:2)
  4 orcs
  2 endoplasms (D:3)
  13 goblins
  3 hobgoblins
  A frilled lizard (D:2)
28 creatures vanquished.

Notes
Turn   | Place    | Note
-------+----------+-------------------------------------------
     0 | D:5      | spaghetti the Ogre Delver began the quest for the Orb.
     0 | D:5      | Reached XP level 1. HP: 24/24 MP: 1/1
    27 | D:5      | Noticed a scorpion
    40 | D:5      | Killed a scorpion
    41 | D:5      | Reached XP level 2. HP: 8/33 MP: 2/2
    41 | D:5      | Reached XP level 3. HP: 10/40 MP: 3/3
   378 | D:5      | Noticed Grinder
   471 | D:4      | Reached XP level 4. HP: 16/49 MP: 4/4
   794 | D:4      | Reached skill level 5 in Fighting
   794 | D:4      | Reached XP level 5. HP: 36/57 MP: 5/5
  1025 | D:4      | Found a staircase to the Ecumenical Temple.
  1063 | Temple   | Entered the Ecumenical Temple
  1305 | Temple   | Became a worshipper of Uskayaw the Reveller
  1591 | D:3      | Reached * piety under Uskayaw
  1642 | D:3      | HP: 1/57 [gnoll/+0 spear (4)]
  2051 | D:3      | Reached ** piety under Uskayaw
  2381 | D:2      | Noticed Robin
  2398 | D:2      | Reached skill level 1 in Invocations
  2399 | D:2      | HP: 1/57 [hobgoblin[Robin] (3)]
  2403 | D:2      | Slain by a hobgoblin

Illustrated notes

Levels and vault maps discovered:
D:2:      layout_rooms, uniq_robin
D:3:      minmay_goblin_kobold_castle, layout_loops_corners
D:4:      layout_loops_corners, gammafunk_temple_overflow_claw,
          minmay_temple_entry_glass
D:5:      layout_gridville, serial_shops, nicolae_shop_waterfront,
          nicolae_shop_overgrown_old_shop, kennysheep_mini_moat, uniq_grinder,
          uniq_prince_ribbit1
Temple:   dpeg_five_rooms_temple

Skill      XL: |  1  2  3  4  5 |
---------------+----------------+-----
Maces & Flails | 2 |  2.9
Dodging        | 2 3 |  3.0
Stealth        | 4 |  4.3
Fighting       | 5 |  5.3
Invocations    | 1 |  1.0

Action                   |  1- 3 |  4- 6 || total
-------------------------+-------+-------++-------
Melee: Mace              |    18 |    77 ||    95
       Punch             |       |     1 ||     1
Invok: Stomp             |       |     2 ||     2
Evoke: Wand              |     7 |       ||     7
  Use: Scroll            |     1 |     5 ||     6
       Potion            |     1 |       ||     1
 Stab: Sleeping          |       |     1 ||     1
Armor: Robe              |     5 |    27 ||    32
Dodge: Dodged            |    13 |    61 ||    74
